Workbook

Sheet はじめに
B2: 債権年齢表テンプレート
B3: 売掛金が、期日からどれだけ経っているかを一覧にするシートです。
A6: 1 | B6: 基準日を入れる | C6: 「1 債権一覧」の基準日に、いつ時点で見るかを入れます。月末の日付を入れるのが基本です。ここを変えると、表全体が動きます。
A7: 2 | B7: 1 債権一覧に入れる | C7: 取引先・請求日・支払期日・請求金額・入金額の5つを入れます。残高・経過日数・区分は自動で出ます。
A8: 3 | B8: 2 年齢表で集計を見る | C8: 取引先名を入れると、区分ごとの残高が自動で集計されます。どの取引先の、どの区分に残高があるかが一目で分かります。
A9: 4 | B9: 3 見るべき兆候で点検する | C9: 年齢表から読み取るべき点をまとめています。金額の大小より、動き方を見てください。
A11: 色の見方 | B11: 水色＝入力するところ | C11: グレー＝自動で計算されます
B13: 区分の基準 | C13: 経過日数は「支払期日から何日経ったか」で数えています。請求日からではありません。金融機関が見るのも、期日を超過した日数です。
B15: 毎月、同じ日付で作る | C15: 1回作っただけでは意味がありません。毎月末の時点で作り、前月と並べてください。増えている区分が、見るべきところです。

Sheet 1 債権一覧
A1: 1 債権一覧
A2: 水色の5列を入れてください。残高・経過日数・区分は自動で出ます。
A4: 基準日 | B4: =TODAY() -> 0 | C4: 月末の日付を直接入れてもかまいません。
A6: 色の見方 | B6: 水色＝入力するところ | C6: グレー＝自動で計算されます
A7: 取引先 | B7: 請求日 | C7: 支払期日 | D7: 請求金額 | E7: 入金額 | F7: 残高 | G7: 経過日数 | H7: 区分
F8: =IF(A8="","",D8-E8) -> 0 | G8: =IF(OR(A8="",C8=""),"",$B$4-C8) -> 0 | H8: =IF(A8="","",IF(F8<=0,"完了",IF(G8<0,"期日前",IF(G8<=30,"1-30日",IF(G8<=60,"31-60日",IF(G8<=90,"61-90日",IF(G8<=180,"91-180日","181日以上"))))))) -> 0
F9: =IF(A9="","",D9-E9) -> 0 | G9: =IF(OR(A9="",C9=""),"",$B$4-C9) -> 0 | H9: =IF(A9="","",IF(F9<=0,"完了",IF(G9<0,"期日前",IF(G9<=30,"1-30日",IF(G9<=60,"31-60日",IF(G9<=90,"61-90日",IF(G9<=180,"91-180日","181日以上"))))))) -> 0
F10: =IF(A10="","",D10-E10) -> 0 | G10: =IF(OR(A10="",C10=""),"",$B$4-C10) -> 0 | H10: =IF(A10="","",IF(F10<=0,"完了",IF(G10<0,"期日前",IF(G10<=30,"1-30日",IF(G10<=60,"31-60日",IF(G10<=90,"61-90日",IF(G10<=180,"91-180日","181日以上"))))))) -> 0
F11: =IF(A11="","",D11-E11) -> 0 | G11: =IF(OR(A11="",C11=""),"",$B$4-C11) -> 0 | H11: =IF(A11="","",IF(F11<=0,"完了",IF(G11<0,"期日前",IF(G11<=30,"1-30日",IF(G11<=60,"31-60日",IF(G11<=90,"61-90日",IF(G11<=180,"91-180日","181日以上"))))))) -> 0
F12: =IF(A12="","",D12-E12) -> 0 | G12: =IF(OR(A12="",C12=""),"",$B$4-C12) -> 0 | H12: =IF(A12="","",IF(F12<=0,"完了",IF(G12<0,"期日前",IF(G12<=30,"1-30日",IF(G12<=60,"31-60日",IF(G12<=90,"61-90日",IF(G12<=180,"91-180日","181日以上"))))))) -> 0
F13: =IF(A13="","",D13-E13) -> 0 | G13: =IF(OR(A13="",C13=""),"",$B$4-C13) -> 0 | H13: =IF(A13="","",IF(F13<=0,"完了",IF(G13<0,"期日前",IF(G13<=30,"1-30日",IF(G13<=60,"31-60日",IF(G13<=90,"61-90日",IF(G13<=180,"91-180日","181日以上"))))))) -> 0
F14: =IF(A14="","",D14-E14) -> 0 | G14: =IF(OR(A14="",C14=""),"",$B$4-C14) -> 0 | H14: =IF(A14="","",IF(F14<=0,"完了",IF(G14<0,"期日前",IF(G14<=30,"1-30日",IF(G14<=60,"31-60日",IF(G14<=90,"61-90日",IF(G14<=180,"91-180日","181日以上"))))))) -> 0
F15: =IF(A15="","",D15-E15) -> 0 | G15: =IF(OR(A15="",C15=""),"",$B$4-C15) -> 0 | H15: =IF(A15="","",IF(F15<=0,"完了",IF(G15<0,"期日前",IF(G15<=30,"1-30日",IF(G15<=60,"31-60日",IF(G15<=90,"61-90日",IF(G15<=180,"91-180日","181日以上"))))))) -> 0
F16: =IF(A16="","",D16-E16) -> 0 | G16: =IF(OR(A16="",C16=""),"",$B$4-C16) -> 0 | H16: =IF(A16="","",IF(F16<=0,"完了",IF(G16<0,"期日前",IF(G16<=30,"1-30日",IF(G16<=60,"31-60日",IF(G16<=90,"61-90日",IF(G16<=180,"91-180日","181日以上"))))))) -> 0
F17: =IF(A17="","",D17-E17) -> 0 | G17: =IF(OR(A17="",C17=""),"",$B$4-C17) -> 0 | H17: =IF(A17="","",IF(F17<=0,"完了",IF(G17<0,"期日前",IF(G17<=30,"1-30日",IF(G17<=60,"31-60日",IF(G17<=90,"61-90日",IF(G17<=180,"91-180日","181日以上"))))))) -> 0
F18: =IF(A18="","",D18-E18) -> 0 | G18: =IF(OR(A18="",C18=""),"",$B$4-C18) -> 0 | H18: =IF(A18="","",IF(F18<=0,"完了",IF(G18<0,"期日前",IF(G18<=30,"1-30日",IF(G18<=60,"31-60日",IF(G18<=90,"61-90日",IF(G18<=180,"91-180日","181日以上"))))))) -> 0
F19: =IF(A19="","",D19-E19) -> 0 | G19: =IF(OR(A19="",C19=""),"",$B$4-C19) -> 0 | H19: =IF(A19="","",IF(F19<=0,"完了",IF(G19<0,"期日前",IF(G19<=30,"1-30日",IF(G19<=60,"31-60日",IF(G19<=90,"61-90日",IF(G19<=180,"91-180日","181日以上"))))))) -> 0
... F207: =IF(A207="","",D207-E207) -> 0 | G207: =IF(OR(A207="",C207=""),"",$B$4-C207) -> 0 | H207: =IF(A207="","",IF(F207<=0,"完了",IF(G207<0,"期日前",IF(G207<=30,"1-30日",IF(G207<=60,"31-60日",IF(G207<=90,"61-90日",IF(G207<=180,"91-180日","181日以上"))))))) -> 0
A208: 合計 | D208: =SUM(D8:D207) -> 0 | E208: =SUM(E8:E207) -> 0 | F208: =SUM(F8:F207) -> 0
A210: 入金が済んだ行は、残高が0になり区分が「完了」になります。消さずに残しておくと、その取引先が期日どおりに払っているかの履歴になります。

Sheet 2 年齢表
A1: 2 年齢表
A2: 取引先名を入れると、区分ごとの残高が自動で集計されます。
A4: 色の見方 | B4: 水色＝入力するところ | C4: グレー＝自動で計算されます
A6: 取引先 | B6: 期日前 | C6: 1-30日 | D6: 31-60日 | E6: 61-90日 | F6: 91-180日 | G6: 181日以上 | H6: 合計 | I6: うち期日超過
B7: =IF($A7="","",SUMIFS('1 債権一覧'!$F:$F,'1 債権一覧'!$A:$A,$A7,'1 債権一覧'!$H:$H,"期日前")) -> 0 | C7: =IF($A7="","",SUMIFS('1 債権一覧'!$F:$F,'1 債権一覧'!$A:$A,$A7,'1 債権一覧'!$H:$H,"1-30日")) -> 0 | D7: =IF($A7="","",SUMIFS('1 債権一覧'!$F:$F,'1 債権一覧'!$A:$A,$A7,'1 債権一覧'!$H:$H,"31-60日")) -> 0 | E7: =IF($A7="","",SUMIFS('1 債権一覧'!$F:$F,'1 債権一覧'!$A:$A,$A7,'1 債権一覧'!$H:$H,"61-90日")) -> 0 | F7: =IF($A7="","",SUMIFS('1 債権一覧'!$F:$F,'1 債権一覧'!$A:$A,$A7,'1 債権一覧'!$H:$H,"91-180日")) -> 0 | G7: =IF($A7="","",SUMIFS('1 債権一覧'!$F:$F,'1 債権一覧'!$A:$A,$A7,'1 債権一覧'!$H:$H,"181日以上")) -> 0 | H7: =IF($A7="","",SUM(B7:G7)) -> 0 | I7: =IF($A7="","",SUM(C7:G7)) -> 0
B8: =IF($A8="","",SUMIFS('1 債権一覧'!$F:$F,'1 債権一覧'!$A:$A,$A8,'1 債権一覧'!$H:$H,"期日前")) -> 0 | C8: =IF($A8="","",SUMIFS('1 債権一覧'!$F:$F,'1 債権一覧'!$A:$A,$A8,'1 債権一覧'!$H:$H,"1-30日")) -> 0 | D8: =IF($A8="","",SUMIFS('1 債権一覧'!$F:$F,'1 債権一覧'!$A:$A,$A8,'1 債権一覧'!$H:$H,"31-60日")) -> 0 | E8: =IF($A8="","",SUMIFS('1 債権一覧'!$F:$F,'1 債権一覧'!$A:$A,$A8,'1 債権一覧'!$H:$H,"61-90日")) -> 0 | F8: =IF($A8="","",SUMIFS('1 債権一覧'!$F:$F,'1 債権一覧'!$A:$A,$A8,'1 債権一覧'!$H:$H,"91-180日")) -> 0 | G8: =IF($A8="","",SUMIFS('1 債権一覧'!$F:$F,'1 債権一覧'!$A:$A,$A8,'1 債権一覧'!$H:$H,"181日以上")) -> 0 | H8: =IF($A8="","",SUM(B8:G8)) -> 0 | I8: =IF($A8="","",SUM(C8:G8)) -> 0
B9: =IF($A9="","",SUMIFS('1 債権一覧'!$F:$F,'1 債権一覧'!$A:$A,$A9,'1 債権一覧'!$H:$H,"期日前")) -> 0 | C9: =IF($A9="","",SUMIFS('1 債権一覧'!$F:$F,'1 債権一覧'!$A:$A,$A9,'1 債権一覧'!$H:$H,"1-30日")) -> 0 | D9: =IF($A9="","",SUMIFS('1 債権一覧'!$F:$F,'1 債権一覧'!$A:$A,$A9,'1 債権一覧'!$H:$H,"31-60日")) -> 0 | E9: =IF($A9="","",SUMIFS('1 債権一覧'!$F:$F,'1 債権一覧'!$A:$A,$A9,'1 債権一覧'!$H:$H,"61-90日")) -> 0 | F9: =IF($A9="","",SUMIFS('1 債権一覧'!$F:$F,'1 債権一覧'!$A:$A,$A9,'1 債権一覧'!$H:$H,"91-180日")) -> 0 | G9: =IF($A9="","",SUMIFS('1 債権一覧'!$F:$F,'1 債権一覧'!$A:$A,$A9,'1 債権一覧'!$H:$H,"181日以上")) -> 0 | H9: =IF($A9="","",SUM(B9:G9)) -> 0 | I9: =IF($A9="","",SUM(C9:G9)) -> 0
B10: =IF($A10="","",SUMIFS('1 債権一覧'!$F:$F,'1 債権一覧'!$A:$A,$A10,'1 債権一覧'!$H:$H,"期日前")) -> 0 | C10: =IF($A10="","",SUMIFS('1 債権一覧'!$F:$F,'1 債権一覧'!$A:$A,$A10,'1 債権一覧'!$H:$H,"1-30日")) -> 0 | D10: =IF($A10="","",SUMIFS('1 債権一覧'!$F:$F,'1 債権一覧'!$A:$A,$A10,'1 債権一覧'!$H:$H,"31-60日")) -> 0 | E10: =IF($A10="","",SUMIFS('1 債権一覧'!$F:$F,'1 債権一覧'!$A:$A,$A10,'1 債権一覧'!$H:$H,"61-90日")) -> 0 | F10: =IF($A10="","",SUMIFS('1 債権一覧'!$F:$F,'1 債権一覧'!$A:$A,$A10,'1 債権一覧'!$H:$H,"91-180日")) -> 0 | G10: =IF($A10="","",SUMIFS('1 債権一覧'!$F:$F,'1 債権一覧'!$A:$A,$A10,'1 債権一覧'!$H:$H,"181日以上")) -> 0 | H10: =IF($A10="","",SUM(B10:G10)) -> 0 | I10: =IF($A10="","",SUM(C10:G10)) -> 0
B11: =IF($A11="","",SUMIFS('1 債権一覧'!$F:$F,'1 債権一覧'!$A:$A,$A11,'1 債権一覧'!$H:$H,"期日前")) -> 0 | C11: =IF($A11="","",SUMIFS('1 債権一覧'!$F:$F,'1 債権一覧'!$A:$A,$A11,'1 債権一覧'!$H:$H,"1-30日")) -> 0 | D11: =IF($A11="","",SUMIFS('1 債権一覧'!$F:$F,'1 債権一覧'!$A:$A,$A11,'1 債権一覧'!$H:$H,"31-60日")) -> 0 | E11: =IF($A11="","",SUMIFS('1 債権一覧'!$F:$F,'1 債権一覧'!$A:$A,$A11,'1 債権一覧'!$H:$H,"61-90日")) -> 0 | F11: =IF($A11="","",SUMIFS('1 債権一覧'!$F:$F,'1 債権一覧'!$A:$A,$A11,'1 債権一覧'!$H:$H,"91-180日")) -> 0 | G11: =IF($A11="","",SUMIFS('1 債権一覧'!$F:$F,'1 債権一覧'!$A:$A,$A11,'1 債権一覧'!$H:$H,"181日以上")) -> 0 | H11: =IF($A11="","",SUM(B11:G11)) -> 0 | I11: =IF($A11="","",SUM(C11:G11)) -> 0
B12: =IF($A12="","",SUMIFS('1 債権一覧'!$F:$F,'1 債権一覧'!$A:$A,$A12,'1 債権一覧'!$H:$H,"期日前")) -> 0 | C12: =IF($A12="","",SUMIFS('1 債権一覧'!$F:$F,'1 債権一覧'!$A:$A,$A12,'1 債権一覧'!$H:$H,"1-30日")) -> 0 | D12: =IF($A12="","",SUMIFS('1 債権一覧'!$F:$F,'1 債権一覧'!$A:$A,$A12,'1 債権一覧'!$H:$H,"31-60日")) -> 0 | E12: =IF($A12="","",SUMIFS('1 債権一覧'!$F:$F,'1 債権一覧'!$A:$A,$A12,'1 債権一覧'!$H:$H,"61-90日")) -> 0 | F12: =IF($A12="","",SUMIFS('1 債権一覧'!$F:$F,'1 債権一覧'!$A:$A,$A12,'1 債権一覧'!$H:$H,"91-180日")) -> 0 | G12: =IF($A12="","",SUMIFS('1 債権一覧'!$F:$F,'1 債権一覧'!$A:$A,$A12,'1 債権一覧'!$H:$H,"181日以上")) -> 0 | H12: =IF($A12="","",SUM(B12:G12)) -> 0 | I12: =IF($A12="","",SUM(C12:G12)) -> 0
B13: =IF($A13="","",SUMIFS('1 債権一覧'!$F:$F,'1 債権一覧'!$A:$A,$A13,'1 債権一覧'!$H:$H,"期日前")) -> 0 | C13: =IF($A13="","",SUMIFS('1 債権一覧'!$F:$F,'1 債権一覧'!$A:$A,$A13,'1 債権一覧'!$H:$H,"1-30日")) -> 0 | D13: =IF($A13="","",SUMIFS('1 債権一覧'!$F:$F,'1 債権一覧'!$A:$A,$A13,'1 債権一覧'!$H:$H,"31-60日")) -> 0 | E13: =IF($A13="","",SUMIFS('1 債権一覧'!$F:$F,'1 債権一覧'!$A:$A,$A13,'1 債権一覧'!$H:$H,"61-90日")) -> 0 | F13: =IF($A13="","",SUMIFS('1 債権一覧'!$F:$F,'1 債権一覧'!$A:$A,$A13,'1 債権一覧'!$H:$H,"91-180日")) -> 0 | G13: =IF($A13="","",SUMIFS('1 債権一覧'!$F:$F,'1 債権一覧'!$A:$A,$A13,'1 債権一覧'!$H:$H,"181日以上")) -> 0 | H13: =IF($A13="","",SUM(B13:G13)) -> 0 | I13: =IF($A13="","",SUM(C13:G13)) -> 0
B14: =IF($A14="","",SUMIFS('1 債権一覧'!$F:$F,'1 債権一覧'!$A:$A,$A14,'1 債権一覧'!$H:$H,"期日前")) -> 0 | C14: =IF($A14="","",SUMIFS('1 債権一覧'!$F:$F,'1 債権一覧'!$A:$A,$A14,'1 債権一覧'!$H:$H,"1-30日")) -> 0 | D14: =IF($A14="","",SUMIFS('1 債権一覧'!$F:$F,'1 債権一覧'!$A:$A,$A14,'1 債権一覧'!$H:$H,"31-60日")) -> 0 | E14: =IF($A14="","",SUMIFS('1 債権一覧'!$F:$F,'1 債権一覧'!$A:$A,$A14,'1 債権一覧'!$H:$H,"61-90日")) -> 0 | F14: =IF($A14="","",SUMIFS('1 債権一覧'!$F:$F,'1 債権一覧'!$A:$A,$A14,'1 債権一覧'!$H:$H,"91-180日")) -> 0 | G14: =IF($A14="","",SUMIFS('1 債権一覧'!$F:$F,'1 債権一覧'!$A:$A,$A14,'1 債権一覧'!$H:$H,"181日以上")) -> 0 | H14: =IF($A14="","",SUM(B14:G14)) -> 0 | I14: =IF($A14="","",SUM(C14:G14)) -> 0
B15: =IF($A15="","",SUMIFS('1 債権一覧'!$F:$F,'1 債権一覧'!$A:$A,$A15,'1 債権一覧'!$H:$H,"期日前")) -> 0 | C15: =IF($A15="","",SUMIFS('1 債権一覧'!$F:$F,'1 債権一覧'!$A:$A,$A15,'1 債権一覧'!$H:$H,"1-30日")) -> 0 | D15: =IF($A15="","",SUMIFS('1 債権一覧'!$F:$F,'1 債権一覧'!$A:$A,$A15,'1 債権一覧'!$H:$H,"31-60日")) -> 0 | E15: =IF($A15="","",SUMIFS('1 債権一覧'!$F:$F,'1 債権一覧'!$A:$A,$A15,'1 債権一覧'!$H:$H,"61-90日")) -> 0 | F15: =IF($A15="","",SUMIFS('1 債権一覧'!$F:$F,'1 債権一覧'!$A:$A,$A15,'1 債権一覧'!$H:$H,"91-180日")) -> 0 | G15: =IF($A15="","",SUMIFS('1 債権一覧'!$F:$F,'1 債権一覧'!$A:$A,$A15,'1 債権一覧'!$H:$H,"181日以上")) -> 0 | H15: =IF($A15="","",SUM(B15:G15)) -> 0 | I15: =IF($A15="","",SUM(C15:G15)) -> 0
B16: =IF($A16="","",SUMIFS('1 債権一覧'!$F:$F,'1 債権一覧'!$A:$A,$A16,'1 債権一覧'!$H:$H,"期日前")) -> 0 | C16: =IF($A16="","",SUMIFS('1 債権一覧'!$F:$F,'1 債権一覧'!$A:$A,$A16,'1 債権一覧'!$H:$H,"1-30日")) -> 0 | D16: =IF($A16="","",SUMIFS('1 債権一覧'!$F:$F,'1 債権一覧'!$A:$A,$A16,'1 債権一覧'!$H:$H,"31-60日")) -> 0 | E16: =IF($A16="","",SUMIFS('1 債権一覧'!$F:$F,'1 債権一覧'!$A:$A,$A16,'1 債権一覧'!$H:$H,"61-90日")) -> 0 | F16: =IF($A16="","",SUMIFS('1 債権一覧'!$F:$F,'1 債権一覧'!$A:$A,$A16,'1 債権一覧'!$H:$H,"91-180日")) -> 0 | G16: =IF($A16="","",SUMIFS('1 債権一覧'!$F:$F,'1 債権一覧'!$A:$A,$A16,'1 債権一覧'!$H:$H,"181日以上")) -> 0 | H16: =IF($A16="","",SUM(B16:G16)) -> 0 | I16: =IF($A16="","",SUM(C16:G16)) -> 0
B17: =IF($A17="","",SUMIFS('1 債権一覧'!$F:$F,'1 債権一覧'!$A:$A,$A17,'1 債権一覧'!$H:$H,"期日前")) -> 0 | C17: =IF($A17="","",SUMIFS('1 債権一覧'!$F:$F,'1 債権一覧'!$A:$A,$A17,'1 債権一覧'!$H:$H,"1-30日")) -> 0 | D17: =IF($A17="","",SUMIFS('1 債権一覧'!$F:$F,'1 債権一覧'!$A:$A,$A17,'1 債権一覧'!$H:$H,"31-60日")) -> 0 | E17: =IF($A17="","",SUMIFS('1 債権一覧'!$F:$F,'1 債権一覧'!$A:$A,$A17,'1 債権一覧'!$H:$H,"61-90日")) -> 0 | F17: =IF($A17="","",SUMIFS('1 債権一覧'!$F:$F,'1 債権一覧'!$A:$A,$A17,'1 債権一覧'!$H:$H,"91-180日")) -> 0 | G17: =IF($A17="","",SUMIFS('1 債権一覧'!$F:$F,'1 債権一覧'!$A:$A,$A17,'1 債権一覧'!$H:$H,"181日以上")) -> 0 | H17: =IF($A17="","",SUM(B17:G17)) -> 0 | I17: =IF($A17="","",SUM(C17:G17)) -> 0
B18: =IF($A18="","",SUMIFS('1 債権一覧'!$F:$F,'1 債権一覧'!$A:$A,$A18,'1 債権一覧'!$H:$H,"期日前")) -> 0 | C18: =IF($A18="","",SUMIFS('1 債権一覧'!$F:$F,'1 債権一覧'!$A:$A,$A18,'1 債権一覧'!$H:$H,"1-30日")) -> 0 | D18: =IF($A18="","",SUMIFS('1 債権一覧'!$F:$F,'1 債権一覧'!$A:$A,$A18,'1 債権一覧'!$H:$H,"31-60日")) -> 0 | E18: =IF($A18="","",SUMIFS('1 債権一覧'!$F:$F,'1 債権一覧'!$A:$A,$A18,'1 債権一覧'!$H:$H,"61-90日")) -> 0 | F18: =IF($A18="","",SUMIFS('1 債権一覧'!$F:$F,'1 債権一覧'!$A:$A,$A18,'1 債権一覧'!$H:$H,"91-180日")) -> 0 | G18: =IF($A18="","",SUMIFS('1 債権一覧'!$F:$F,'1 債権一覧'!$A:$A,$A18,'1 債権一覧'!$H:$H,"181日以上")) -> 0 | H18: =IF($A18="","",SUM(B18:G18)) -> 0 | I18: =IF($A18="","",SUM(C18:G18)) -> 0
... B36: =IF($A36="","",SUMIFS('1 債権一覧'!$F:$F,'1 債権一覧'!$A:$A,$A36,'1 債権一覧'!$H:$H,"期日前")) -> 0 | C36: =IF($A36="","",SUMIFS('1 債権一覧'!$F:$F,'1 債権一覧'!$A:$A,$A36,'1 債権一覧'!$H:$H,"1-30日")) -> 0 | D36: =IF($A36="","",SUMIFS('1 債権一覧'!$F:$F,'1 債権一覧'!$A:$A,$A36,'1 債権一覧'!$H:$H,"31-60日")) -> 0 | E36: =IF($A36="","",SUMIFS('1 債権一覧'!$F:$F,'1 債権一覧'!$A:$A,$A36,'1 債権一覧'!$H:$H,"61-90日")) -> 0 | F36: =IF($A36="","",SUMIFS('1 債権一覧'!$F:$F,'1 債権一覧'!$A:$A,$A36,'1 債権一覧'!$H:$H,"91-180日")) -> 0 | G36: =IF($A36="","",SUMIFS('1 債権一覧'!$F:$F,'1 債権一覧'!$A:$A,$A36,'1 債権一覧'!$H:$H,"181日以上")) -> 0 | H36: =IF($A36="","",SUM(B36:G36)) -> 0 | I36: =IF($A36="","",SUM(C36:G36)) -> 0
A37: 合計 | B37: =SUM(B7:B36) -> 0 | C37: =SUM(C7:C36) -> 0 | D37: =SUM(D7:D36) -> 0 | E37: =SUM(E7:E36) -> 0 | F37: =SUM(F7:F36) -> 0 | G37: =SUM(G7:G36) -> 0 | H37: =SUM(H7:H36) -> 0 | I37: =SUM(I7:I36) -> 0
A39: 期日超過の割合 | B39: =IF(H37=0,"",I37/H37) -> 0 | C39: 売掛金全体のうち、支払期日を過ぎているものの割合です。
A41: この表は毎月作って、前月と並べてください。同じ取引先の同じ区分が、月を追うごとに右へ移っていたら、回収が止まっています。

Sheet 3 見るべき兆候
B2: 見るべき兆候
B3: 金額の大小より、動き方を見てください。
A6: 1 | B6: 区分が右へ移っていく | C6: 同じ取引先の残高が、1-30日 → 31-60日 → 61-90日 と移っていく。回収が進んでいない最も分かりやすい兆候です。
A7: 2 | B7: 一部だけ入金される | C7: 請求額の一部だけが入り、端数が残り続ける。相手が資金繰りに詰まっているか、請求内容に争いがあります。
A8: 3 | B8: 期日超過の割合が上がっている | C8: 全体に対する期日超過の割合を毎月見てください。上がり続けているなら、与信か請求の運用に問題があります。
A9: 4 | B9: 特定の1社に集中している | C9: 1社の残高が全体の大きな割合を占めている。その1社が止まれば、資金繰りが直撃されます。
A10: 5 | B10: 新規取引先の初回が遅れる | C10: 初回の支払いが遅れる相手は、その後も遅れます。取引の量を増やす前に、条件を見直してください。
A11: 6 | B11: 入金日が毎回ずれる | C11: 期日は守るが、毎回数日遅れる。資金繰り表の精度が落ちます。相手の締め日・支払日の運用を確認してください。
A12: 7 | B12: 金額が合わない | C12: 請求額と入金額が一致しない状態が続く。値引き・相殺・振込手数料の扱いを、契約で決めてください。
B14: 金融機関に見せるとき | C14: この表は、融資やABLの申込のときにそのまま使えます。滞留している債権があるなら、隠さずに出して、回収の見込みを説明してください。後から見つかるより、先に出すほうが有利です。
